Map: [ESL] Waterfall

Players

LiquidClem (Clem) - Winner!

  • Race: Terran Terran
  • League: Grandmaster
  • Spawn Location: 1:00

Scarlett

  • Race: Zerg Zerg
  • Spawn Location: 7:00

Event: HomeStory Cup XXII

VOD

Have the link to the VOD?

Description

Time

  • Played on: Dec. 17, 2022, 1:58 p.m.
  • Length: 17:56

All games in this series

Show
View Real Time Build Order
Export as new Build Order

LiquidClem Terran - Winner!

Build Orders: Reaper Expand, Hellion Banshee 

Get SALT Encoding   

  12  0:00  SCV  
  13  0:12  SCV  
  14  0:16  Supply Depot  
  14  0:24  SCV  
  15  0:38  SCV  
  15  0:39  Barracks  
  16  0:43  Refinery  
  16  0:50  SCV  
  17  1:02  SCV  
  18  1:14  SCV  
  19  1:25  Reaper  
  19  1:26  Orbital Command  
  20  1:41  Command Center  
  20  1:52  Supply Depot  
  20  1:53  SCV  
  21  1:57  Marine  
  22  2:05  SCV  
  23  2:14  Factory  
  23  2:17  SCV  
  23  2:20  Barracks Reactor  
  24  2:29  SCV  
  25  2:40  Command Center  
  25  2:43  SCV  
  26  2:53  Orbital Command  
  26  2:55  SCV  
  27  3:00  Starport  
  29  3:05  Hellion  
  29  3:08  SCV  
  32  3:13  Hellion  
  32  3:16  Refinery  
  32  3:19  SCV  
  33  3:20  SCV  
  33  3:22  Barracks Tech Lab  
  34  3:28  Hellion  
  34  3:31  SCV  
  34  3:33  SCV  
  38  3:35  Hellion  
  40  3:44  SCV  
  40  3:48  Banshee  
  41  3:49  SCV  
  45  3:56  Hellion x2  
  45  4:02  SCV, Barracks Tech Lab  
  48  4:05  SCV, Orbital Command  
  49  4:13  Cloaking Field  
  49  4:14  SCV  
  49  4:17  SCV  
  51  4:18  Supply Depot  
  51  4:20  Hellion x2  
  55  4:27  SCV  
  55  4:29  SCV  
  57  4:31  SCV  
  57  4:33  Banshee  
  57  4:38  Barracks  
  61  4:39  SCV  
  61  4:41  SCV, Barracks  
  61  4:43  Supply Depot  
  61  4:44  SCV  
  64  4:47  Marine  
  64  4:50  Factory Reactor  
  64  4:52  SCV  
  66  4:57  SCV  
  66  4:58  Refinery  
  67  5:00  Refinery  
  67  5:02  Engineering Bay, SCV  
  67  5:03  Engineering Bay  
  67  5:05  Supply Depot  
  68  5:09  Marine  
  68  5:10  SCV  
  68  5:12  Supply Depot  
  70  5:16  Stimpack  
  70  5:17  SCV  
  70  5:20  Orbital Command  
  70  5:22  SCV  
  70  5:23  Barracks  
  70  5:26  Marine  
  70  5:27  Barracks  
  70  5:29  SCV  
  71  5:36  SCV, Marine x2  
  71  5:41  SCV  
  71  5:42  Terran Infantry Armor Level 1, Terran Infantry Weapons Level 1, Starport Reactor  
  75  5:43  Marine x2  
  75  5:44  Marine  
  75  5:46  Supply Depot  
  78  5:50  Siege Tank  
  78  5:51  SCV  
  78  5:52  SCV  
  78  5:54  Marine  
  84  5:57  Marine  
  84  5:58  Supply Depot  
  84  6:01  SCV  
  84  6:02  Marine x2  
  88  6:06  SCV  
  88  6:08  Marine  
  88  6:11  Barracks Reactor  
  88  6:14  SCV  
  88  6:15  Barracks Reactor  
  88  6:17  Marine  
  88  6:18  SCV  
  88  6:21  SCV  
  88  6:23  Marine  
  86  6:25  Marine  
  86  6:26  SCV, Siege Tank  
  86  6:27  Medivac  
  86  6:28  Medivac  
  86  6:30  Supply Depot, SCV, Marine  
  86  6:31  Refinery  
  86  6:32  Supply Depot  
  91  6:33  SCV  
  91  6:35  Marine x2  
  91  6:38  SCV  
  95  6:42  SCV  
  95  6:43  Marine x2  
  95  6:46  SCV  
  99  6:47  Supply Depot  
  99  6:48  Factory  
  99  6:49  Marine  
  99  6:50  SCV  
  99  6:52  Marine  
  102  6:54  SCV  
  102  6:55  Marine x2  
  102  6:56  Combat Shield  
  102  6:57  Supply Depot  
  102  6:58  SCV  
  106  7:02  SCV, Siege Tank, Marine x4  
  114  7:10  Armory  
  114  7:13  Command Center  
  114  7:17  Supply Depot, Marine  
  114  7:18  Marine x3  
  114  7:19  Marine  
  114  7:20  Marine x2  
  114  7:22  Marine x2  
  123  7:27  Medivac x2  
  127  7:32  Bunker  
  127  7:33  Factory Tech Lab  
  127  7:35  Marine x2  
  129  7:38  Bunker  
  129  7:40  Supply Depot, Siege Tank, Marine x2  
  129  7:43  Marine x2  
  129  7:44  Marine  
  136  7:45  Marine x2  
  140  7:51  SCV  
  140  7:52  Siege Tank  
  140  7:53  Refinery, Marine x2  
  140  7:58  Marine x2  
  145  7:59  SCV  
  145  8:01  Supply Depot  
  145  8:02  Terran Infantry Weapons Level 2  
  145  8:03  SCV  
  145  8:05  Marine x2  
  151  8:07  Marine  
  151  8:11  Supply Depot x2  
  152  8:15  Supply Depot  
  145  8:24  SCV, Marine x4  
  145  8:25  SCV, Marine  
  148  8:32  Marine  
  148  8:33  SCV, Siege Tank x2, Marine x2  
  158  8:36  SCV  
  158  8:38  SCV, Marine  
  158  8:40  Terran Infantry Armor Level 2  
  161  8:42  Marine x2  
  161  8:45  SCV  
  161  8:47  Marine  
  165  8:49  SCV  
  165  8:50  SCV  
  165  8:51  Refinery  
  165  8:52  Sensor Tower  
  165  8:54  Marine x5  
  172  8:57  Planetary Fortress  
  172  8:59  Supply Depot  
  176  9:02  SCV x2  
  176  9:03  SCV, Marauder  
  176  9:08  Siege Tank  
  180  9:12  Supply Depot  
  180  9:20  Marine x5  
  180  9:21  SCV x2  
  180  9:22  SCV  
  188  9:28  Concussive Shells  
  188  9:29  Barracks x2  
  186  9:31  Barracks  
  186  9:33  Siege Tank  
  186  9:38  Medivac  
  179  9:40  Siege Tank, Marine  
  179  9:41  Marine x5  
  179  9:42  Marine  
  179  9:43  Marine  
  182  9:51  Marine  
  180  9:58  Marine  
  180  9:59  Marine  
  178  10:01  Marine x2  
  178  10:02  SCV x2  
  178  10:03  SCV, Command Center  
  178  10:05  Medivac  
  178  10:06  Siege Tank  
  185  10:07  Medivac  
  185  10:09  Marine x2  
  185  10:12  Siege Tank  
  189  10:15  Marine x2  
  189  10:16  Marauder  
  189  10:19  Marine  
  189  10:20  Marine x2  
  189  10:21  Marine  
  175  10:26  SCV x2  
  175  10:27  Marine x2  
  165  10:31  SCV  
  165  10:33  Marine x2  
  151  10:35  Medivac  
  151  10:36  Marine  
  151  10:37  Marine  
  151  10:38  SCV x2, Siege Tank, Marine x2  
  151  10:39  Marine  
  151  10:42  Barracks Tech Lab x3  
  156  10:44  Marine  
  156  10:45  Marine  
  156  10:47  Siege Tank  
  158  10:50  Terran Infantry Weapons Level 3  
  158  10:51  Marine x2  
  158  10:53  Medivac  
  158  10:54  Marine  
  158  10:55  Marauder  
  165  10:58  Marine  
  165  11:01  Marine  
  165  11:03  Marine x3  
  157  11:04  Marine  
  157  11:07  Marine x2  
  149  11:12  Marine x3  
  149  11:15  Siege Tank  
  149  11:16  Marauder, Marine  
  158  11:19  Marine  
  158  11:20  Marine  
  158  11:21  Marine x2  
  158  11:22  Refinery, Siege Tank, Marauder  
  158  11:24  Refinery  
  171  11:25  Marauder x2  
  171  11:29  Ghost Academy, Marine  
  171  11:30  Terran Vehicle Weapons Level 1  
  172  11:38  Marauder  
  174  11:40  Marine  
  174  11:41  Marine x2  
  174  11:43  Marine x4  
  174  11:44  Marauder  
  187  11:47  Marauder x2, Marine, Siege Tank  
  187  11:48  Planetary Fortress  
  187  11:52  Refinery x2  
  192  11:54  SCV  
  192  11:57  Marine  
  192  11:59  Marauder, Marine x2  
  191  12:05  Missile Turret, Marauder  
  191  12:08  Sensor Tower, Marauder x2  
  194  12:16  SCV  
  194  12:17  Missile Turret  
  194  12:19  Missile Turret  
  194  12:20  Marauder  
  197  12:23  Siege Tank  
  200  12:32  Command Center  
  200  12:42  Siege Tank, Marine  
  200  12:43  Marauder  
  194  12:45  Marauder x2, Marine x4  
  194  12:46  Marauder, Marine x3  
  194  12:52  Terran Infantry Armor Level 3  
  194  13:00  Siege Tank, Marine  
  194  13:03  Marine x3  
  194  13:04  Personal Cloaking, Marauder  
  199  13:12  Marine  
  199  13:18  Command Center  
  200  13:38  Command Center  
  200  13:40  Command Center  
  197  13:41  Command Center  
  197  13:42  Siege Tank  
  197  13:43  Siege Tank, Ghost  
  197  13:46  Ghost  
  197  13:48  Ghost  
  191  13:51  Ghost  
  176  14:11  Ghost  
  176  14:15  Siege Tank x2, Ghost  
  176  14:16  Ghost  
  182  14:20  Ghost  
  182  14:22  Medivac x2  
  182  14:23  Marine x2  
  184  14:29  Terran Vehicle Weapons Level 2  
  184  14:31  Planetary Fortress  
  184  14:40  Ghost  
  184  14:43  Ghost  
  184  14:45  Ghost  
  188  14:48  Missile Turret, Ghost  
  188  14:49  Sensor Tower, Unknown  
  188  14:52  Orbital Command  
  191  15:04  Siege Tank  
  194  15:07  Marine  
  194  15:08  Marine x4  
  194  15:09  Ghost  
  194  15:10  SCV  
  194  15:11  SCV  
  199  15:21  Marauder  
  200  15:24  Orbital Command  
  200  15:30  Starport  
  200  15:31  Hi-Sec Auto Tracking, Neosteel Armor  
  200  15:32  Fusion Core  
  200  15:42  Ghost  
  200  15:47  Enhanced Shockwaves  
  200  15:54  SCV x2  
  190  15:58  Siege Tank x2, Marine  
  190  15:59  Marauder x2, Marine x2  
  190  16:01  Marauder  
  190  16:04  SCV  
  191  16:15  Ghost  
  191  16:16  Marine x3  
  191  16:17  Marine x2  
  191  16:18  Marine  
  178  16:19  Marine, Ghost x2  
  178  16:20  Starport Reactor  
  178  16:22  SCV, Ghost  
  178  16:23  SCV x2  
  178  16:25  Marine  
  187  16:33  Marine  
  187  16:36  Siege Tank  
  187  16:37  SCV  
  187  16:38  Refinery  
  192  16:40  Marine x2  
  192  16:43  Marine x2, Ghost  
  200  16:54  Marauder  
  200  17:01  Armory  
  177  17:15  Widow Mine x2  
  178  17:18  Marauder x2, Marine x5  
  196  17:31  Marine  
  196  17:34  Marine x2  
Show
View Real Time Build Order
Export as new Build Order

Scarlett Zerg 

Build Orders: Pool First, Lurkers 

Get SALT Encoding   

  12  0:00  Drone  
  13  0:12  Overlord  
  13  0:17  Drone  
  14  0:30  Drone x2  
  14  0:34  Drone  
  17  0:43  Spawning Pool  
  17  0:47  Drone  
  17  1:06  Hatchery  
  17  1:10  Drone  
  17  1:13  Extractor  
  17  1:15  Drone  
  17  1:19  Drone  
  18  1:30  Zergling x2  
  18  1:31  Queen  
  21  1:38  Overlord  
  21  1:49  Drone  
  22  1:59  Drone  
  23  2:07  Queen  
  25  2:17  Hatchery  
  25  2:19  Drone  
  25  2:21  Drone  
  26  2:26  Metabolic Boost  
  26  2:30  Drone  
  26  2:33  Drone  
  28  2:38  Drone  
  28  2:43  Drone x2  
  31  2:46  Drone  
  31  2:48  Drone  
  31  2:51  Overlord  
  33  2:54  Drone  
  34  3:00  Drone  
  34  3:01  Drone  
  36  3:08  Queen  
  36  3:12  Queen, Drone  
  39  3:17  Overlord  
  41  3:20  Drone  
  41  3:21  Drone x2  
  41  3:25  Overlord  
  44  3:29  Queen  
  44  3:32  Zergling x2  
  44  3:33  Zergling x2  
  48  3:35  Zergling x2  
  48  3:37  Zergling x2  
  50  3:49  Overlord  
  50  3:50  Drone x5  
  54  3:59  Drone  
  54  4:00  Drone x4  
  57  4:04  Drone  
  57  4:06  Queen  
  57  4:07  Overlord  
  60  4:11  Queen  
  60  4:15  Zergling x4  
  64  4:23  Drone x3  
  67  4:26  Drone  
  67  4:27  Drone x3  
  71  4:35  Spore Crawler  
  71  4:36  Spore Crawler  
  69  4:39  Drone x6  
  69  4:43  Drone x3  
  78  4:46  Spore Crawler  
  78  4:48  Zergling x4  
  78  4:52  Drone  
  79  5:00  Lair  
  79  5:01  Roach Warren  
  79  5:03  Extractor  
  79  5:04  Extractor  
  79  5:06  Drone x5  
  81  5:13  Evolution Chamber  
  80  5:15  Extractor x2, Evolution Chamber  
  80  5:19  Drone x4  
  80  5:20  Overlord  
  81  5:21  Extractor  
  80  5:30  Overlord  
  80  5:31  Drone  
  81  5:36  Overlord  
  81  5:40  Drone x8  
  89  5:43  Zerg Ground Armor Level 1, Zerg Missile Weapons Level 1  
  89  5:46  Overlord x3  
  89  5:56  Spore Crawler  
  89  5:57  Zergling x10  
  88  6:01  Overseer  
  84  6:07  Zergling x12, Glial Reconstitution  
  82  6:19  Drone x5  
  82  6:24  Overseer  
  81  6:35  Drone x2  
  81  6:37  Overlord  
  81  6:38  Roach x3  
  89  6:42  Roach  
  89  6:45  Roach  
  93  6:48  Hatchery  
  93  6:51  Roach  
  93  6:53  Overseer  
  94  6:56  Roach x2  
  94  7:00  Roach  
  100  7:04  Roach  
  102  7:10  Roach  
  102  7:11  Roach x3  
  102  7:14  Roach  
  102  7:15  Roach x2  
  116  7:19  Roach x5  
  116  7:22  Overlord  
  126  7:23  Queen  
  126  7:28  Overlord  
  126  7:29  Ravager x7  
  137  7:30  Roach  
  137  7:38  Overlord x2  
  137  7:39  Zerg Missile Weapons Level 2, Zerg Ground Armor Level 2  
  137  7:40  Queen  
  137  7:43  Roach x3, Overlord  
  137  7:44  Overlord x3  
  145  7:46  Overseer x2  
  145  7:51  Roach x4  
  153  7:56  Overseer  
  153  8:03  Drone x5  
  153  8:04  Queen  
  159  8:14  Infestation Pit  
  159  8:17  Roach x7  
  160  8:29  Drone x2  
  160  8:30  Drone x6  
  163  8:38  Extractor  
  163  8:39  Drone x3, Extractor  
  164  8:45  Spore Crawler x2  
  164  8:46  Hatchery  
  164  8:47  Spore Crawler  
  160  8:48  Drone  
  160  8:49  Drone x8  
  169  8:57  Roach x3  
  169  9:00  Infestor x2, Hive  
  169  9:01  Hydralisk Den  
  178  9:09  Spore Crawler  
  177  9:12  Drone x3  
  177  9:14  Roach x6  
  192  9:23  Roach x4  
  200  9:29  Spine Crawler  
  195  9:32  Roach x2  
  166  9:39  Roach x9  
  166  9:45  Roach x3  
  171  9:48  Roach x3  
  171  9:49  Roach  
  171  9:51  Ravager  
  171  9:52  Ravager x6  
  182  9:54  Roach x2  
  182  9:57  Roach  
  182  9:59  Ravager  
  188  10:00  Ravager  
  188  10:01  Roach x2  
  188  10:04  Overseer  
  190  10:10  Roach x4  
  182  10:22  Roach x9  
  182  10:27  Roach x3  
  167  10:33  Roach x4  
  157  10:41  Roach x3  
  157  10:47  Roach x4, Ravager  
  163  10:51  Drone x4, Extractor  
  163  10:56  Roach x2  
  157  11:09  Roach x7  
  157  11:19  Drone x7  
  157  11:21  Spore Crawler  
  157  11:22  Infestor  
  165  11:33  Hatchery  
  165  11:34  Zergling x12, Lurker Den  
  169  11:40  Extractor x2  
  169  11:43  Zerg Ground Armor Level 3  
  169  11:44  Zerg Melee Weapons Level 1  
  167  11:54  Viper  
  167  11:58  Roach x5  
  178  12:04  Ravager  
  178  12:06  Ravager  
  172  12:09  Roach  
  172  12:10  Zergling x12, Roach x3  
  186  12:24  Hatchery, Spine Crawler  
  186  12:25  Spine Crawler  
  186  12:26  Spine Crawler  
  186  12:27  Spine Crawler, Overlord x2  
  186  12:29  Spine Crawler  
  180  12:31  Burrow, Spine Crawler  
  180  12:35  Roach x8  
  185  12:38  Ravager  
  185  12:40  Ravager  
  184  12:44  Zergling x12  
  184  12:50  Roach x2  
  162  12:54  Seismic Spines  
  162  12:58  Hydralisk x4  
  166  13:09  Hatchery  
  165  13:20  Hydralisk x7  
  165  13:26  Zergling x6  
  182  13:29  Lurker x4  
  182  13:33  Spore Crawler  
  162  14:11  Viper  
  162  14:12  Viper  
  162  14:13  Adaptive Talons  
  162  14:15  Zergling x20  
  171  14:22  Lurker x7  
  172  14:29  Zerg Missile Weapons Level 3  
  172  14:31  Zergling x2  
  172  14:32  Zergling x8  
  172  14:34  Extractor  
  176  14:50  Zergling x20  
  176  14:52  Extractor  
  185  14:56  Zerg Melee Weapons Level 2  
  185  14:57  Zergling x6, Baneling Nest  
  185  14:58  Adrenal Glands  
  174  15:19  Zergling x18  
  177  15:24  Queen  
  179  15:29  Zergling x10  
  179  15:30  Overseer x2, Pneumatized Carapace  
  179  15:31  Overseer x3  
  180  15:56  Zergling x18  
  166  16:04  Zergling x12  
  137  16:11  Zergling x10  
  128  16:24  Infestor  
  125  16:28  Queen x2  
  125  16:30  Hydralisk x4  
  130  16:33  Centrifugal Hooks  
  130  16:34  Overseer x4  
  130  16:47  Zergling x14  
  130  16:50  Hatchery  
  130  16:52  Unknown  
  130  16:54  Hydralisk x3  
  117  17:10  Infestor x3  
  117  17:14  Zergling x4  
  123  17:17  Hydralisk  
  123  17:19  Zergling x6  
  127  17:27  Zergling x6  
  127  17:28  Hatchery  
Tags
 
Add a new tag
Caveats
  • Supply blocks, unpowered buildings, or Contaminate may cause inaccurate times.
  • Supply counts are checked every 10 seconds.